 Dungeon Crawl Stone Soup version 0.28-a0-1206-g193881aaa2 (webtiles) character file.

Game seed: 14453425069500701652

13 enile the Chopper (level 2, -3/27 HPs)
             Began as a Hill Orc Monk on Dec 21, 2021.
             Slain by an ufetubus (5 damage)
             ... on level 2 of the Dungeon.
             The game lasted 00:01:07 (1050 turns).

enile the Chopper (Hill Orc Monk)                   Turns: 1050, Time: 00:01:07

Health: -3/27      AC:  2    Str: 13    XL:     2   Next: 37%
Magic:  2/2        EV: 12    Int: 10    God:
Gold:   67         SH:  0    Dex: 13    Spells: 1/1 levels left

rFire   . . .      SeeInvis .   e - +1 hand axe (flame)
rCold   . . .      Faith    .   (no shield)
rNeg    . . .      Spirit   .   b - +0 robe
rPois   .          Reflect  .   (no helmet)
rElec   .          Harm     .   (no cloak)
rCorr   .          Rampage  .   (no gloves)
Will    .....                   (no boots)
Stlth   ++........              (no amulet)
HPRegen 0.09/turn               (no ring)
MPRegen 0.08/turn               (no ring)

@: no status effects
A: no striking features
a: no special abilities


You were on level 2 of the Dungeon.
You visited 1 branch of the dungeon, and saw 2 of its levels.

You collected 67 gold pieces.

Inventory:

Hand Weapons
 a - a +0 hand axe
 e - a +1 hand axe of flaming (weapon)
Armour
 b - a +0 robe (worn)
Jewellery
 f - an amulet of faith
Scrolls
 c - a scroll of blinking {unknown}
 d - a scroll of silence {unknown}
 g - a scroll of torment {unknown}
 h - a scroll of immolation {unknown}
 i - a scroll of identify {unknown}
 k - a scroll of fear {unknown}
Potions
 j - a potion of might {unknown}


   Skills:
 - Level 4.0 Fighting
 + Level 4.7 Axes
 - Level 2.4 Dodging
 - Level 1.5 Stealth


You had one spell level left.
You didn't know any spells.
Your spell library contained the following spells:

 Spells                   Type           Power      Damage    Failure   Level
 Summon Guardian Golem    Hex/Summ       0%         N/A       75%         3
 Orb of Destruction       Conj           0%         N/A       100%        7
 Spellforged Servitor     Conj/Summ      0%         N/A       100%        7


Dungeon Overview and Level Annotations

Branches:
Dungeon (2/15)

Altars:

Annotations:
D:2 Sigmund


Message History

You hit the quokka. You burn the quokka.
The quokka is heavily wounded.
The quokka bites you.
You hit the quokka but do no damage.
The quokka is heavily wounded.
The quokka twitches its whiskers.
The quokka misses you. The quokka closely misses you.
You completely miss the quokka.
The quokka is heavily wounded.
The quokka barely misses you.
You hit the quokka. You burn the quokka.
The quokka is almost dead.
The quokka bites you.
You hit the quokka but do no damage.
The quokka is almost dead.
The quokka closely misses you.
You closely miss the quokka.
The quokka is almost dead.
The quokka bites you. The quokka closely misses you.
You hit the quokka. You burn the quokka.
You kill the quokka!
The ufetubus misses you. The ufetubus hits you.
You miss the ufetubus. The ufetubus closely misses you. x3
The ufetubus hits you.
You hit the ufetubus. You burn the ufetubus.
The ufetubus is almost dead.
The ufetubus hits you. x2
* * * LOW HITPOINT WARNING * * *
You are too injured to fight recklessly!
You barely miss the ufetubus.
The ufetubus is almost dead.
The ufetubus closely misses you. The ufetubus misses you.
The ufetubus hits you.
* * * LOW HITPOINT WARNING * * *
The ufetubus hits you.
* * * LOW HITPOINT WARNING * * *
You closely miss the ufetubus.
The ufetubus is almost dead.
The ufetubus misses you. The ufetubus hits you.
You die...

#... ..# #### #.. ##.#
... ..# ###### #.#
#####..... #
#5#######...#.#### ####.
#@##........#.#
......##.#.#.#.......####
......†...###............
####.####..#.#.......####
#.#.####...#.# #.#.#
#...#.# #.#.# ##.##.#
#.... #.##)# ..... #....#


You could see an ufetubus.

Vanquished Creatures
  An endoplasm (D:1)
  A goblin (D:2)
  3 hobgoblins (D:2)
  2 kobolds (D:1)
  A quokka (D:2)
  3 bats
  A rat (D:1)
12 creatures vanquished.

Notes
Turn   | Place    | Note
-------+----------+-------------------------------------------
     0 | D:1      | enile the Hill Orc Monk began the quest for the Orb.
     0 | D:1      | Reached XP level 1. HP: 19/19 MP: 1/1
   915 | D:2      | Reached XP level 2. HP: 27/27 MP: 2/2
   933 | D:2      | Noticed Sigmund
  1050 | D:2      | Slain by an ufetubus

Illustrated notes

Levels and vault maps discovered:
D:1:      scummos_arrival_simple_crosswalls, layout_loops_corners
D:2:      layout_loops_ring, uniq_sigmund

Skill      XL: |  1 |
---------------+----+-----
Fighting       | 4 |  4.0
Axes           | |  4.7
Dodging        | |  2.4
Stealth        | |  1.5

Action                   || total
-------------------------++-------
Melee: Hand axe          ||    35
 Stab: Sleeping          ||     2
Armor: Robe              ||     4
Dodge: Dodged            ||    28

Table legend: (Time is in decaauts)
 A = Elapsed time spent in this place.
 B = Non-inter-level travel time spent in this place.
 C = Inter-level travel time spent in this place.
 D = Time resting spent in this place.
 E = Time spent auto-exploring this place.
 F = Levels seen in this place.
 G = Mean time per level.
                   A        B        C        D        E       F      G
               +--------+--------+--------+--------+--------+-----+--------+
         Total |   1052 |   1017 |     35 |      0 |    880 |   2 |  526.0 |
       Dungeon |   1052 |   1017 |     35 |      0 |    880 |   2 |  526.0 |
               +--------+--------+--------+--------+--------+-----+--------+

Top non-repeatable levels by time:
     D:1: 841 daAuts
     D:2: 210 daAuts
